 Dungeon Crawl Stone Soup version 0.29.1-1-gd02db6906a (webtiles) character file.

Game seed: 7047963271402255338

114 Colgate the Chiller (level 4, -3/30 HPs)
             Began as a Barachi Ice Elementalist on Oct 9, 2022.
             Was a Follower of Okawaru.
             Killed by nerve-wracking pain
             ... invoked by Grinder
              (12 damage)
             ... on level 4 of the Dungeon.
             The game lasted 00:08:23 (3204 turns).

Colgate the Chiller (Barachi Ice Elementalist)      Turns: 3204, Time: 00:08:23

Health: -3/30      AC:  8    Str: 15    XL:     4   Next: 98%
Magic:  2/7        EV: 12    Int: 18    God:    Okawaru [*.....]
Gold:   110        SH:  0    Dex: 12    Spells: 0/7 levels left

rFire   . . .      SeeInvis .   a - +0 scimitar
rCold   . . .      Faith    .   (no shield)
rNeg    . . .      Spirit   .   f - +0 robe
rPois   .          Reflect  .   (no helmet)
rElec   .          Harm     .   (no cloak)
rCorr   .          Rampage  .   (no gloves)
Will    .....                   (no boots)
Stlth   ++........              (no amulet)
HPRegen 0.10/turn               i - +6 ring of strength
MPRegen 0.10/turn               (no ring)

@: ice-armoured, slow
A: amphibious, slowness 1, strong legs 1, +LOS
a: Hop, Renounce Religion, Heroism


You were on level 4 of the Dungeon.
You worshipped Okawaru.
Okawaru was aware of your devotion.
You visited 1 branch of the dungeon, and saw 4 of its levels.

You collected 110 gold pieces.

Inventory:

Hand Weapons
 a - a +0 scimitar (weapon)
Armour
 f - a +0 robe (worn)
 j - a +0 buckler
 n - a +0 helmet
Jewellery
 i - a +6 ring of strength (left hand)
Wands
 l - a wand of iceblast (9) {@v2}
Scrolls
 c - 2 scrolls of identify {unknown}
 e - a scroll of noise {unknown}
 g - a scroll of vulnerability {unknown}
 p - a scroll of silence {unknown}
Potions
 b - a potion of magic
 d - a potion of resistance {unknown}
 h - a potion of berserk rage
 k - a potion of attraction {unknown}
 m - 2 potions of brilliance {unknown}
 o - a potion of lignification {unknown}


   Skills:
 - Level 2.1 Dodging
 - Level 1.7 Stealth
 + Level 3.6 Unarmed Combat
 - Level 2.1 Spellcasting
 - Level 6.0 Ice Magic


You couldn't memorise any spells.
You knew the following spells:

 Your Spells              Type           Power      Damage    Failure   Level
a - Freeze                Ice            92%        1d10      1%          1
b - Frozen Ramparts       Ice            46%        1d7       4%          3
c - Ozocubu's Armour      Ice            23%        N/A       4%          3

Your spell library contained the following spells:

 Spells                   Type           Power      Damage    Failure   Level
 Hailstorm                Conj/Ice       12%        3d5       45%         4
 Ice Form                 Ice/Tmut       12%        N/A       45%         4
 Portal Projectile        Hex/Tloc       2%         N/A       47%         3
 Blade Hands              Tmut           0%         N/A       99%         5
 Summon Ice Beast         Ice/Summ       Unusable   N/A       N/A         4
 Tukima's Dance           Hex            Unusable   N/A       N/A         3

Dungeon Overview and Level Annotations

Branches:
Dungeon (4/15)
 Temple: D:4-7

Altars:
Dithmenos
Okawaru

Shops:
D:1 :

Annotations:
D:4 Grinder


Innate Abilities, Weirdness & Mutations

You are amphibious.
You cover ground slowly.
You can hop short distances.
You have an extended range of vision and can be seen from far away.


Message History

You kill the quokka!
Okawaru accepts your kill.
No target in view!
You see here a quokka corpse.
Grinder comes into view.
Grinder shouts!
You see here a quokka corpse.
Casting: Freeze (safe; 1% risk of failure)
Casting: Frozen Ramparts (dangerous; 4% risk of failure)
Okay, then.
Grinder gestures at you. You resist with significant effort.
Casting: Frozen Ramparts (dangerous; 4% risk of failure)
Casting: Frozen Ramparts (dangerous; 4% risk of failure)
The walls around you are covered in ice.
Casting: Frozen Ramparts (dangerous; 4% risk of failure)
A film of ice covers your body!
Grinder resists.
The wall freezes Grinder.
The wall freezes Grinder but does no damage.
Grinder gestures at you.
You suddenly lose the ability to move!
Grinder resists.
The wall freezes Grinder.
Grinder gestures at you.
You shrug off the repeated paralysis!
Grinder completely resists.
The wall freezes Grinder but does no damage.
The wall freezes Grinder but does no damage.
Grinder blinks!
The frozen ramparts melt away.
You can move again.
You slash Grinder! Grinder completely misses you. Grinder hits you.
You writhe in agony.
You hit Grinder but do no damage. Grinder hits you.
You writhe in agony.
You barely miss Grinder. Grinder barely misses you. Grinder misses you.
You closely miss Grinder. Grinder hits you!
You writhe in agony.
* * * LOW HITPOINT WARNING * * *
You slash Grinder! Grinder gestures at you. Pain shoots through your body!
You die...

######.#
#########†#
#.........#
#.#########
# #)# #. #.#
#. #.# #.
#5# ##.# #@#
..###=..##†#
........#.#
#....#.#
#.#.#
#..#..#
....###.#
###.# .##
... ..


You could see Grinder.

Vanquished Creatures
  4 adders
  A worm (D:2)
  A dart slug (D:1)
  8 orcs
  6 endoplasms
  A giant cockroach (D:3)
  3 goblins
  7 hobgoblins
  6 kobolds
  3 quokkas
  8 ball pythons
  5 bats
  5 frilled lizards
  6 rats
64 creatures vanquished.

Notes
Turn   | Place    | Note
-------+----------+-------------------------------------------
     0 | D:1      | Colgate the Barachi Ice Elementalist began the quest for
                  | the Orb.
     0 | D:1      | Reached XP level 1. HP: 13/13 MP: 3/3
    79 | D:1      | Reached skill level 5 in Ice Magic
   274 | D:1      | Reached XP level 2. HP: 14/19 MP: 5/5
   665 | D:1      | Found Domait's Book Shop.
   692 | D:1      | Reached XP level 3. HP: 24/24 MP: 2/6
   853 | D:2      | Found a faded altar of an unknown god.
   856 | D:2      | Prayed at the altar of an unknown god.
   856 | D:2      | Became a worshipper of Warmaster Okawaru
   856 | D:2      | Reached * piety under Okawaru
   973 | D:2      | Reached skill level 6 in Ice Magic
   986 | D:2      | Learned a level 3 spell: Frozen Ramparts
  1012 | D:2      | Reached skill level 1 in Unarmed Combat
  1285 | D:2      | Reached XP level 4. HP: 23/30 MP: 1/7
  1504 | D:2      | Found a shadowy altar of Dithmenos.
  2842 | D:3      | Learned a level 3 spell: Ozocubu's Armour
  3184 | D:4      | Noticed Grinder
  3195 | D:4      | Paralysed by Grinder for 5 turns
  3204 | D:4      | Killed from afar by Grinder

Illustrated notes

Levels and vault maps discovered:
D:1:      dpeg_arrival_snail, layout_rooms, serial_shops, nicolae_shop_stone,
          st_stairs_14, chequers_serial_rivers_micro_b
D:2:      layout_basic, basic_altar, nicolae_ecumenical_oubliette
D:3:      layout_loops_ring, chequers_garden, minmay_between
D:4:      layout_loops_ring, serial_bayou_pond_e, uniq_eustachio,
          uniq_crazy_yiuf_cottage, uniq_grinder

Skill      XL: |  1  2  3  4 |
---------------+-------------+-----
Ice Magic      | 5 6 |  6.0
Unarmed Combat | 2 3 |  3.6
Dodging        | |  2.1
Stealth        | |  1.7
Spellcasting   | |  2.1

Action                   |  1- 3 |  4- 6 || total
-------------------------+-------+-------++-------
Melee: Scimitar          |    11 |    16 ||    27
       Unarmed           |     1 |       ||     1
 Cast: Freeze            |    41 |    36 ||    77
       Frozen Ramparts   |       |     4 ||     4
       Ozocubu's Armour  |       |     1 ||     1
 Abil: Hop               |     2 |       ||     2
 Stab: Sleeping          |       |     1 ||     1
Armor: Robe              |    30 |       ||    30
Dodge: Dodged            |    61 |    23 ||    84
